 Dungeon Crawl Stone Soup version 0.19-a0-1672-g679cadd (webtiles) character file.

52 PurpleRed the Conjurer (level 3, 0/19 HPs)
             Began as a Deep Elf Conjurer on Sept 22, 2016.
             Slain by Pikel
             ... wielding a +0 whip of flaming
              (7 damage)
             ... on level 5 of the Dungeon.
             The game lasted 00:03:18 (345 turns).

PurpleRed the Conjurer (Deep Elf Conjurer)           Turns: 345, Time: 00:03:19

Health: 0/19       AC:  3    Str:  5    XL:     3   Next: 60%
Magic:  6/10       EV: 13    Int: 20    God:
Gold:   57         SH:  0    Dex: 15    Spells: 2 memorised, 6 levels left

rFire  . . .     SeeInvis .     d - -2 whip (curse)
rCold  . . .     Gourm    .     a - +0 robe
rNeg   . . .     Faith    .     (no shield)
rPois  .         Spirit   .     (no helmet)
rElec  .         Dismiss  .     (no cloak)
rCorr  .         Reflect  .     h - +0 pair of gloves
MR     .....     Harm     .     (no boots)
Stlth  ++........               (no amulet)
                                (no ring)
                                (no ring)

@: no status effects
A: no striking features
a: no special abilities


You were on level 5 of the Dungeon.
You were not hungry.

You visited 1 branch of the dungeon, and saw 5 of its levels.

You collected 57 gold pieces.

Inventory:

Hand Weapons
 d - a cursed -2 whip (weapon)
 e - a +0 falchion
Armour
 a - a +0 robe (worn)
 h - a +0 pair of gloves (worn)
Wands
 i - a wand of polymorph (6/24)
Books
 b - a book of Conjurations

   Spells                             Type                      Level
   a - Magic Dart                     Conjuration                  1
   b - Searing Ray                    Conjuration                  2
   c - Dazzling Spray                 Conjuration/Hexes            3
   d - Fulminant Prism                Conjuration/Hexes            4
   e - Iskenderun's Mystic Blast      Conjuration                  4
   f - Iskenderun's Battlesphere      Conjuration/Charms           5
Comestibles
 c - a bread ration


   Skills:
 - Level 2.4 Dodging
 - Level 2.4 Stealth
 + Level 3.9 Spellcasting
 * Level 5.4 Conjurations


You had 6 spell levels left.
You knew the following spells:

 Your Spells              Type           Power        Failure   Level  Hunger
a - Magic Dart            Conj           ####         1%          1    None
b - Searing Ray           Conj           ####..       2%          2    ##.....


Dungeon Overview and Level Annotations

Branches:
Dungeon (5/15)
 Temple: D:4-7

Altars:

Annotations:
D:3 alcopop's ghost, amateur MiAM
D:4 tardigrade's ghost, amateur OgEE
D:5 Pikel


Message History

Zapping:
i - a wand of polymorph (will waste charges)
Press: ? - help, Shift-Dir - straight line, f - Pikel
Aim: Pikel, wielding a whip of flaming and wearing a robe (chance to defeat MR: 46%) Pikel resists with some effort.
Evoking this partially-identified wand wasted a few charges.
The orc priest shouts!
The bullfrog zombie hits you but does no damage.
An orc opens the door.
The orc priest moves out of view.
The adder moves out of view.
A gnoll and a zombie come into view.
Evoke which item? (* to show all) (? for menu, Esc to quit)
Zapping:
i - a wand of polymorph {zapped: 3} (will waste charges)
Press: ? - help, Shift-Dir - straight line, f/p - Pikel
Aim: Pikel, wielding a whip of flaming and wearing a robe (chance to defeat MR: 46%) Pikel resists with some effort.
Evoking this partially-identified wand wasted a few charges.
The gnoll shouts!
The bullfrog zombie hits you. The slave barely misses you.
The slave hits you but does no damage. Pikel hits you with a whip of flaming!
You die...

*,,,,* **,*,,,,,,,,,,**
#.**,* *,,*,,,,,,,,,,*
*****##'#######**,,,,,,,,,,*
*,,,,.........#,,,,<,,,,,,,*
*,,,,,,ogo....#,************
*,,,,,,,.gg...#,*
*,,,⌠****#⌠...#,* *,,,**
*#.Z.#,* *,,,* #.@.#,* *,,,*
#ppK#,* *,,,* #.p.#,* *,,,**
*#...#,* *,,,⌠*****Z.p.#,*
*,,,,,,,,S....#,*
*,,,,,,,,.....#,*
*,,,,,,,......#,*
*******+*******,*


You could see Pikel, 4 slaves, an orc priest, 3 gnolls, an adder, an orc, a
jackal zombie and a bullfrog zombie.

Vanquished Creatures
  A hound (D:4)
  An adder (D:5)
  A howler monkey skeleton (D:4)
  A hobgoblin (D:1)
  A ball python (D:5)
  A bat (D:3)
  A frilled lizard (D:4)
  2 goblins
9 creatures vanquished.

Notes
Turn   | Place    | Note
-------+----------+-------------------------------------------
     0 | D:1      | PurpleRed the Deep Elf Conjurer began the quest for the Orb.
     0 | D:1      | Reached XP level 1. HP: 10/10 MP: 6/6
   121 | D:3      | Noticed alcopop's ghost (amateur MiAM)
   179 | D:4      | Noticed tardigrade's ghost (amateur OgEE)
   238 | D:4      | Noticed a hound
   240 | D:4      | Reached XP level 2. HP: 15/15 MP: 1/8
   260 | D:4      | Reached skill level 5 in Conjurations
   260 | D:4      | Reached XP level 3. HP: 2/19 MP: 0/10
   264 | D:4      | Learned a level 2 spell: Searing Ray
   267 | D:5      | Entered Level 5 of the Dungeon
   343 | D:5      | Noticed Pikel
   343 | D:5      | Noticed a slave
   343 | D:5      | Noticed a slave
   344 | D:5      | Noticed a slave
   344 | D:5      | Noticed a slave
   345 | D:5      | Slain by Pikel

Vault maps used:
D:1:      dpeg_arrival_tiny_k
D:2:      dancing_weapons_uskayaw, lemuel_crystal_altar
D:3:      minmay_cupped
D:4:      lemuel_crystal_altar, lemuel_coloured_pillars_altar
D:5:      first_bread, basic_altar, kennysheep_path_1, uniq_pikel, uniq_edmund

Skill      XL: |  1  2 |
---------------+-------+-----
Conjurations   | 5 |  5.4
Dodging        | |  2.4
Stealth        | |  2.4
Spellcasting   | |  3.9

Action                   || total
-------------------------++-------
Melee: Whip              ||     1
 Cast: Magic Dart        ||    21
Evoke: Wand              ||     2
  Use: Scroll            ||     2
Armor: Robe              ||     3
Dodge: Dodged            ||    12
